AoeStats
← BoomyPanda75412

MegaRandom

503240678Analyzed
1v1 RM · 1mo ago on Aug 30, 2026· 65m 35s· 2 players
Game mode
Random Map
Map size
Tiny (2 player)
Population
200
Speed
Normal
Resources
Standard
Victory
Conquest
Starting age
Dark Age
Ending age
Imperial Age
RankedLock teamsTeams togetherTeam positionsShared explorationLock speedFull tech treeHidden civsTurbo modeCheats
Victory
Defeat
🇦🇷 Britons · Argentina
287
+18
🇺🇸 Bohemians · United States
340
-18
BoomyPanda75412
0:29 Loom
2:14 Loom
2:59 Loom
3:11 Loom
4:00 Loom
13:02 Feudal Age
19:12 Wheelbarrow
18:26 Double-Bit Axe
18:37 Horse Collar
19:15 Man-at-Arms
19:40 Arson
22:10 Scale Mail Armor
22:11 Padded Archer Armor
22:01 Fletching
22:22 Forging
22:18 Scale Barding Armor
25:53 Castle Age
27:03 Hand Cart
26:43 Gold Mining
26:48 Gambesons
27:01 Elite Skirmisher
28:36 Bow Saw
28:57 Town Watch
29:15 Squires
30:30 Leather Archer Armor
30:28 Treadmill Crane
31:09 Ballistics
32:00 Husbandry
32:59 Heavy Plow
34:11 Chain Mail Armor
35:26 Pikeman
37:48 Iron Casting
37:30 Stone Mining
38:15 Gold Shaft Mining
41:14 Yeomen
41:36 Bodkin Arrow
43:49 Chain Barding Armor
43:53 Fortified Wall
43:34 Guard Tower
44:32 Heated Shot
46:34 Long Swordsman
46:43 Light Cavalry
46:45 Crossbowman
50:15 Imperial Age
49:42 Murder Holes
49:54 Town Patrol
50:02 Town Patrol
50:17 Masonry
51:22 Arrowslits
52:37 Chemistry
52:09 Architecture
52:05 Conscription
52:56 Two-Man Saw
52:31 Plate Mail Armor
51:51 Elite Longbowman
53:30 Plate Barding Armor
54:27 Hoardings
54:06 Cavalier
55:51 Blast Furnace
57:41 Warwolf
57:15 Sappers
59:39 Ring Archer Armor
59:09 Bracer
59:47 Keep
58:37 Halberdier
58:38 Two-Handed Swordsman
58:42 Arbalester
MoO CaT9751
17:55 Feudal Age
23:21 Man-at-Arms
29:25 Double-Bit Axe
50:36 Castle Age
52:26 Crossbowman
52:30 Long Swordsman
53:10 Squires
54:48 Forging
54:28 Fletching
54:39 Padded Archer Armor
54:40 Scale Mail Armor
54:45 Scale Barding Armor
58:24 Imperial Age
59:38 Loom
Connection lost

Rejoining the realm…

Still unreachable

The connection could not be restored.

Session expired

The server has moved on; the page needs a fresh start.